 Dungeon Crawl Stone Soup version 0.31-a0-1074-g0b22e4e0f1 (webtiles) character file.

Game seed: 9166285161941239557

721 timneilson the Ruffian (level 7, 0/47 HPs)
             Began as an Octopode Shapeshifter on Dec 2, 2023.
             Was an Initiate of Gozag.
             Killed from afar by an orc wizard (9 damage)
             ... with a puff of flame
             ... on level 5 of the Dungeon.
             The game lasted 00:06:50 (3652 turns).

timneilson the Ruffian (Octopode Shapeshifter)      Turns: 3652, Time: 00:06:50

Health: 0/47       AC:  1    Str: 16    XL:     7   Next: 71%
Magic:  7/7        EV: 14    Int: 12    God:    Gozag
Gold:   219        SH:  0    Dex: 11    Spells: 6/6 levels left

rFire   . .          .
                       - Unarmed
rCold   . . .        (no shield)
rNeg    . . .        (helmet currently unavailable)
rPois   .            (no amulet)
rElec   .            (no ring)
rCorr   .            (no ring)
SInv    .            (no ring)
Will    .....        (no ring)
Stlth   ++           (no ring)
HPRegen 0.27/turn    (no ring)
MPRegen 0.10/turn    (no ring)
                     (no ring)

%: no passive effects
@: confused, beast-form, ambrosia-drunk
A: beast (slay +2), almost no armour, amphibious, 8 rings, camouflage 1,
gelatinous body 1, (nimble swimmer 1), tentacles
a: Begin Untransformation, Renounce Religion, Potion Petition, Call Merchant,
Bribe Branch


You were on level 5 of the Dungeon.
You worshipped Gozag.
Gozag was aware of your devotion.
You were a hulking beast.
You visited 2 branches of the dungeon, and saw 6 of its levels.

You collected 333 gold pieces.
You paid 114 gold pieces to Gozag.

Inventory:

Jewellery
 k - a ring of magical power
Talismans
 b - a beast talisman
 c - a flux talisman
Wands
 j - a wand of mindburst (3)
Scrolls
 m - a scroll of teleportation
 n - a scroll of vulnerability
Potions
 a - 3 potions of lignification
 d - a potion of curing {unknown}
 e - a potion of attraction {unknown}
 f - a potion of resistance {unknown}
 g - 2 potions of might
 i - 2 potions of brilliance {unknown}
 l - a potion of magic {unknown}
 o - a potion of degeneration {unknown}


   Skills:
 * Level 3.8 Fighting
 * Level 4.1 Dodging
 + Level 3.6 Stealth
 * Level 4.9 Unarmed Combat
 + Level 1.0 Evocations
 * Level 4.5 Shapeshifting


You had 6 spell levels left.
You didn't know any spells.
Your spell library contained the following spells:

 Spells                   Type           Power      Damage    Failure   Level
 Necrotise                Necr           0%         1d4       32%         1
 Inner Flame              Hex/Fire       0%         N/A       69%         3
 Ozocubu's Armour         Ice            0%         N/A       69%         3
 Vampiric Draining        Necr           0%         2d6       69%         3
 Flame Wave               Conj/Fire      0%         2d4       97%         4
 Sticky Flame             Conj/Fire      0%         2d3       97%         4
 Agony                    Necr           0%         N/A       100%        5
 Yara's Violent Unravell  Hex/Tmut       0%         3d3       100%        5
 Enfeeble                 Hex            0%         N/A       100%        7
 Ozocubu's Refrigeration  Ice            0%         4d7       100%        7


Dungeon Overview and Level Annotations

Branches:
Dungeon (5/15)             Temple (1/1) D:5

Altars:
Ashenzari
Dithmenos
Elyvilon
Fedhas
Gozag
Hepliaklqana
Kikubaaqudgha
Nemelex Xobeh
Okawaru
Ru
Uskayaw
Vehumet
Wu Jian
Xom
Zin
Ignis


Innate Abilities, Weirdness & Mutations

You are a hulking beast.
Your limbs bulge with bestial killing power. (Slay +2)
You cannot wear most types of armour.
You are amphibious.
You can wear up to eight rings at the same time.
Your skin changes colour to match your surroundings (Stealth+).
Your rubbery body absorbs attacks. (AC +1, EV +1)
((You are camouflaged when in or above water. (Stealth+)))
You have tentacles for arms and can constrict up to eight enemies at once.


Message History

The orc wizard mumbles some strange words.
The orc wizard flickers and vanishes!
Something hits you. x2
You hear some strange, mumbled words.
You are more confused.
You hear some strange, mumbled words.
You completely miss something. Something barely misses you. Something hits you.
You're too confused to move!
Something hits you but does no damage. Something hits you.
You're too confused to move!
Something hits you. Something hits you but does no damage.
You closely miss something.
Your tentacle-slap misses something.
Something hits you. Something barely misses you. Something hits you.
Something barely misses you.
You completely miss something. Something hits you. x2
You miss something. Your squeeze misses something. Something hits you.
You hear some strange, mumbled words.
A magic dart appears from out of thin air!
The magic dart hits you.
* * * LOW HITPOINT WARNING * * *
Unknown command.
You tentacle-slap something. Your squeeze misses something.
You feel less confused.
You hear some strange, mumbled words.
Something tries to affect you, but you resist.
Something hits you.
* * * LOW HITPOINT WARNING * * *
Unknown command.
You are confused.
You feel invigorated. Something hits you.
* * * LOW HITPOINT WARNING * * *
Something hits you.
* * * LOW HITPOINT WARNING * * *
You hear some strange, mumbled words.
A puff of flame appears from out of thin air!
The puff of flame hits you!
You die...
Your body crumbles into a pile of gold.

...........### ..#
............$#...#
...........>.#....
..........).:......
...##..............
.# #..............
#.....$......##
##.{{.....####
#.h........#
#............
#..............
#......#######..
......... #.
.#.....#..#
#...###..# #..#
#...


There were no monsters in sight!

Vanquished Creatures
  An ogre (D:4)
  2 scorpions (D:4)
  4 crimson imps (D:3)
  3 orc priests
  A sleepcap (D:5)
  Natasha (twice) (D:4)
  An iguana (D:4)
  An orc wizard (D:5)
  A gnoll (D:3)
  5 adders
  6 worms
  3 dart slugs
  5 orcs
  12 ball pythons
  10 endoplasms
  4 giant cockroaches
  6 goblins
  8 hobgoblins
  2 jackals (D:1)
  5 quokkas
  4 bats
  4 frilled lizards
  8 kobolds
  5 rats
103 creatures vanquished.

Notes
Turn   | Place    | Note
-------+----------+-------------------------------------------
     0 | D:1      | timneilson the Octopode Shapeshifter began the quest for
                  | the Orb.
     0 | D:1      | Reached XP level 1. HP: 13/13 MP: 1/1
   169 | D:1      | Reached XP level 2. HP: 15/18 MP: 2/2
   360 | D:1      | Reached skill level 1 in Stealth
   362 | D:1      | Reached XP level 3. HP: 17/23 MP: 3/3
  1204 | D:2      | Reached XP level 4. HP: 25/29 MP: 4/4
  1888 | D:3      | Reached XP level 5. HP: 34/34 MP: 5/5
  2232 | D:3      | Found a shimmering altar of Xom.
  2254 | D:3      | Reached XP level 6. HP: 28/41 MP: 6/6
  2444 | D:4      | HP: 2/42 [dart slug/slug dart (4)]
  2577 | D:4      | Noticed Natasha
  2587 | D:4      | Killed Natasha
  2621 | D:4      | Noticed Natasha
  2630 | D:4      | Killed Natasha
  2631 | D:4      | Reached XP level 7. HP: 43/46 MP: 7/7
  2678 | D:4      | Found a sparkling altar of Nemelex Xobeh.
  3277 | D:4      | Found a white marble altar of Elyvilon.
  3293 | D:4      | Identified the +5 halberd of Hiod {antimagic, rPois rC-
                  | Int+3}
  3356 | D:5      | Entered Level 5 of the Dungeon
  3502 | D:5      | Found a staircase to the Ecumenical Temple.
  3513 | Temple   | Entered the Ecumenical Temple
  3524 | Temple   | Became a worshipper of Gozag Ym Sagoz the Greedy
  3637 | D:5      | Reached skill level 1 in Evocations
  3652 | D:5      | Killed from afar by an orc wizard

Illustrated notes

Levels and vault maps discovered:
D:1:      minmay_arrival_wavy_path, layout_loops_ring, grunt_decor_clamped,
          minmay_misc_feat_rows, dreamdust_mushroom_princess, minmay_circled_x
D:2:      layout_loops_cross
D:3:      layout_basic, led_xom_imps, st_stairs_1
D:4:      layout_loops_cross, elyvilon_altar_3, minmay_ruined_shrine,
          uniq_natasha
D:5:      layout_layer_cave, minmay_temple_entry_offerings, serial_shops, shop,
          mrwooster_statue_mirror
Temple:   ebering_untended_altars

Skill      XL: |  1  2  3  4  5  6  7 |
---------------+----------------------+-----
Stealth        | 1 2 3 |  3.6
Fighting       | 2 3 |  3.8
Dodging        | 3 4 |  4.1
Unarmed Combat | 4 |  4.9
Shapeshifting  | 4 |  4.5
Evocations     | 1 |  1.0

Action                     |  1- 3 |  4- 6 |  7- 9 || total
---------------------------+-------+-------+-------++-------
  Melee: Unarmed           |    61 |   102 |    54 ||   217
         Constrict         |    18 |    22 |    11 ||    51
         Tentacles         |    14 |    22 |    11 ||    47
         Punch             |     2 |     3 |     2 ||     7
    Use: Scroll            |     3 |     4 |     1 ||     8
         Potion            |       |     1 |     1 ||     2
   Stab: Sleeping          |     7 |    10 |     8 ||    25
 Armour: Skin              |    23 |    35 |    31 ||    89
  Dodge: Dodged            |    27 |    45 |    20 ||    92

Table legend: (Time is in decaauts)
 A = Elapsed time spent in this place.
 B = Non-inter-level travel time spent in this place.
 C = Inter-level travel time spent in this place.
 D = Time resting spent in this place.
 E = Time spent auto-exploring this place.
 F = Levels seen in this place.
 G = Mean time per level.
                   A        B        C        D        E       F      G
               +--------+--------+--------+--------+--------+-----+--------+
         Total |   3637 |   3545 |     92 |    142 |   2479 |   6 |  606.2 |
       Dungeon |   3523 |   3441 |     82 |     58 |   2479 |   5 |  704.6 |
        Temple |    114 |    104 |     10 |     84 |      0 |   1 |  114.0 |
               +--------+--------+--------+--------+--------+-----+--------+

Top non-repeatable levels by time:
     D:4: 971 daAuts
     D:1: 880 daAuts
     D:3: 816 daAuts
     D:2: 672 daAuts
     D:5: 180 daAuts
  Temple: 114 daAuts
